 Dungeon Crawl Stone Soup version 0.29.1-4-g47bece8355 (webtiles) character file.

Game seed: 2511537239556016451

230 GorkyZ the Twirler (level 6, -2/37 HPs)
             Began as a Gargoyle Gladiator on Dec 6, 2022.
             Slain by a gnoll
             ... wielding a +0 club
             ... led by a gnoll sergeant
              (3 damage)
             ... on level 3 of the Dungeon.
             The game lasted 00:09:28 (2951 turns).

GorkyZ the Twirler (Gargoyle Gladiator)             Turns: 2951, Time: 00:09:28

Health: -2/37      AC: 12    Str: 20    XL:     6   Next: 3%
Magic:  6/6        EV: 11    Int:  8    God:
Gold:   141        SH:  0    Dex: 11    Spells: 5/5 levels left

rFire   . . .      SeeInvis .   a - +0 quarterstaff
rCold   . . .      Faith    .   (shield currently unavailable)
rNeg    + . .      Spirit   .   g - +0 ring mail
rPois   ∞          Reflect  .   c - +0 helmet
rElec   +          Harm     .   l - +0 cloak
rCorr   .          Rampage  .   (no gloves)
Will    .....                   (no boots)
Stlth   +.........              (no amulet)
HPRegen 0.12/turn               (no ring)
MPRegen 0.10/turn               (no ring)

@: hasted, very quick
A: sickness immunity, AC +4, negative energy resistance 1, electricity
resistance, torment resistance 1, petrification resistance
a: no special abilities


You were on level 3 of the Dungeon.
You visited 1 branch of the dungeon, and saw 4 of its levels.

You collected 141 gold pieces.

Inventory:

Hand Weapons
 a - a +0 quarterstaff (weapon)
Missiles
 d - 3 throwing nets
 e - a javelin
 f - 6 boomerangs (quivered)
 r - 4 poisoned darts
Armour
 b - a +0 leather armour
 c - a +0 helmet (worn)
 g - a +0 ring mail (worn)
 l - a +0 cloak (worn)
Jewellery
 h - a ring of ice
 k - a ring of wizardry
Scrolls
 p - a scroll of butterflies {unknown}
Potions
 m - a potion of heal wounds {unknown}
 n - 3 potions of flight {unknown}
 o - a potion of curing {unknown}
 q - a potion of brilliance {unknown}


   Skills:
 + Level 3.0 Fighting
 + Level 1.1 Axes
 + Level 3.6 Staves
 + Level 2.6 Throwing
 + Level 2.0 Armour
 + Level 2.9 Dodging
 + Level 2.0 Shields
 + Level 1.4 Evocations


You had 5 spell levels left.
You didn't know any spells.
Your spell library was empty.

Dungeon Overview and Level Annotations

Branches:
Dungeon (4/15)
 Temple: D:4-7

Altars:
Fedhas
Wu Jian
Zin

Shops:
D:2 (   D:4 *


Innate Abilities, Weirdness & Mutations

You are immune to sickness and miasma.
Your stone body is resilient. (AC +4)
You are immune to poison.
You resist negative energy. (rN+)
You are resistant to electric shocks. (rElec)
You are resistant to unholy torment.
You are immune to petrification.


Message History

The gnoll hits you from afar with a +0 spear.
The gnoll hits you but does no damage. x2
You rip the net and break free!
The gnoll barely misses you. The gnoll hits you with a +0 club.
The gnoll hits you but does no damage. The gnoll attacks as you move away!
The gnoll barely misses you.
You barely miss the gnoll. The gnoll barely misses you.
The gnoll closely misses you. x2
You barely miss the gnoll. The gnoll hits you but does no damage.
You closely miss the gnoll. The gnoll hits you but does no damage.
The gnoll closely misses you.
You thump the gnoll!
The gnoll is severely wounded.
The gnoll hits you from afar with a +0 spear.
The gnoll hits you with a +0 club.
You barely miss the gnoll.
The gnoll is severely wounded.
The gnoll hits you but does no damage. The gnoll hits you with a +0 club.
You hit the gnoll.
You kill the gnoll!
Your Armour skill increases to level 2!
You have reached level 6!
You closely miss the gnoll. The gnoll hits you but does no damage.
You hit the gnoll.
The gnoll is heavily wounded.
The gnoll hits you but does no damage. The gnoll misses you.
You closely miss the gnoll.
The gnoll is heavily wounded.
The gnoll hits you from afar with a +0 spear!
* * * LOW HITPOINT WARNING * * *
The gnoll hits you but does no damage.
The gnoll hits you from afar with a +0 spear.
* * * LOW HITPOINT WARNING * * *
The gnoll barely misses you.
Unknown command.
It was a potion of cancellation.
You feel magically purged. The gnoll barely misses you.
The gnoll hits you with a +0 club.
* * * LOW HITPOINT WARNING * * *
It was a potion of haste.
You feel yourself speed up. The gnoll barely misses you.
The gnoll hits you with a +0 club.
You die...

##...#.####.### #.##.##.##.#
#.###..# #.# #.......##.#
#.# #..# #.# ####.#####.#
#.###.## #.# #.# #.##
##...## #.# #.# #_.# ##.##
#.# ###.### #... #.# #.#
#.....# #### #.#
#.#######.....## #.#
#..@gg.....>...### #.#
######..#..).....# # #†#
#<.#........### #.#
#..............
#.############..##.#.....###
#.##............##.#..<....#
#.##.#########..##.#######.#
#.##....................##..
#..................####.####


You could see 2 gnolls.

Vanquished Creatures
  2 orc priests (D:3)
  An orc wizard (D:3)
  2 gnolls (D:3)
  6 adders
  2 dart slugs
  9 orcs
  4 endoplasms
  2 giant cockroaches (D:2)
  5 goblins
  4 hobgoblins
  5 jackals
  4 kobolds
  5 quokkas
  2 ball pythons (D:2)
  5 bats
  4 frilled lizards (D:1)
  4 rats
  A spectral kobold (D:2)
67 creatures vanquished.

Notes
Turn   | Place    | Note
-------+----------+-------------------------------------------
     0 | D:1      | GorkyZ the Gargoyle Gladiator began the quest for the Orb.
     0 | D:1      | Reached XP level 1. HP: 12/12 MP: 1/1
    20 | D:1      | Reached XP level 2. HP: 9/17 MP: 2/2
   444 | D:1      | Reached skill level 1 in Armour
   601 | D:1      | Reached XP level 3. HP: 19/22 MP: 3/3
  1044 | D:2      | Reached skill level 1 in Shields
  1051 | D:2      | Found an ornate altar of the Wu Jian Council.
  1222 | D:2      | Found Nush's Antique Weapon Shop.
  1275 | D:2      | Found a faded altar of an unknown god.
  1289 | D:2      | Reached XP level 4. HP: 27/27 MP: 4/4
  1890 | D:3      | Reached skill level 1 in Evocations
  1940 | D:3      | Found a blossoming altar of Fedhas.
  2055 | D:3      | Reached XP level 5. HP: 13/31 MP: 5/5
  2551 | D:3      | Reached skill level 1 in Axes
  2793 | D:3      | Found an ornate altar of the Wu Jian Council.
  2852 | D:4      | Found Zin's Purification Station.
  2852 | D:4      | Found a glowing silver altar of Zin.
  2947 | D:3      | Reached XP level 6. HP: 12/37 MP: 6/6
  2950 | D:3      | HP: 1/37 [gnoll/+0 club[a gnoll sergeant] (1)]
  2951 | D:3      | Slain by a gnoll

Illustrated notes

Levels and vault maps discovered:
D:1:      eino_arrival_cavern_d, layout_loops_cross
D:2:      layout_basic, serial_shops, shop, basic_altar,
          dreamdust_ecumenical_altar_drowned_temple
D:3:      layout_loops_ring, overflow_temple_1_default,
          mainiacjoe_overflow_brackets
D:4:      layout_cave_pods, yredelemnul_forgotten_temple_becter,
          gammafunk_temple_overflow_statue, zin_purify,
          minmay_temple_entry_arrows, minmay_misc_feat_rugged, uniq_sigmund

Skill      XL: |  1  2  3  4  5 |
---------------+----------------+-----
Throwing       | 2 |  2.6
Armour         | 1 2 |  2.0
Shields        | 1 2 |  2.0
Evocations     | 1 |  1.4
Axes           | 1 |  1.1
Fighting       | 3 |  3.0
Staves         | |  3.6
Dodging        | |  2.9

Action                   |  1- 3 |  4- 6 || total
-------------------------+-------+-------++-------
Melee: Quarterstaff      |    46 |    78 ||   124
Throw: Boomerang         |    59 |    47 ||   106
  Use: Scroll            |       |     5 ||     5
       Potion            |       |     3 ||     3
Armor: Leather armour    |    22 |    17 ||    39
       Ring mail         |       |    25 ||    25
Dodge: Dodged            |    31 |    59 ||    90
